 Dungeon Crawl Stone Soup version 0.30-a0-779-g7971cf19c3 (webtiles) character file.

Game seed: 12706440403645735320

1530502 Kenran the Wrestler (level 26, 231/231 HPs)
             Began as an Armataur Fighter on Feb 17, 2023.
             Was an Initiate of Gozag.
             Escaped with the Orb
             ... and 3 runes!
             The game lasted 02:58:01 (82814 turns).

Kenran the Wrestler (Armataur Fighter)             Turns: 82814, Time: 02:58:01

Health: 231/231    AC: 56    Str: 30    XL:     26   Next: 22%
Magic:  23/23      EV:  7    Int: 10    God:    Gozag
Gold:   13179      SH: 35    Dex: 14    Spells: 25/25 levels left

rFire   + + .      SeeInvis .      - Unarmed
rCold   + . .      Faith    .    b - +4 tower shield {rC+}
rNeg    + + .      Spirit   .    S - +10 plate armour {rF+}
rPois   +          Reflect  +    i - +0 helmet
rElec   +          Harm     .    Z - +2 ratskin cloak {*Rats rPois rN+ Str-1 Int-1 Dex+1}
rCorr   +          Roll     +    R - +2 pair of gloves {Str+3}
Will    ++...      Rage     3%   C - +6 lightning scales {swift, rElec} Stlth
                                 w - amulet of reflection
HPRegen 0.58/turn                Q - ring "Igaej" {Wiz rN+ Slay+3}
MPRegen 0.18/turn                f - ring "Yrris" {rF+ Will+ rCorr Stlth+}

@: studying 5 skills, quick
A: large, rugged brown scales 3, deformed body, armoured tail, roll, long
tongue, awkward tongue, iridescent scales 2, large bone plates 1, berserk 1,
frail 1, screaming 1, inability to read after injury 2
0: Orb of Zot
}: 3/15 runes: decaying, serpentine, silver
a: Renounce Religion, Potion Petition, Call Merchant, Bribe Branch


You escaped.
You worshipped Gozag.
Gozag was extremely pleased with you.
You visited 10 branches of the dungeon, and saw 48 of its levels.
You visited the Abyss 2 times.
You visited 1 bazaar.
You also visited: Trove, Gauntlet, Ice Cave and Wizlab.

You collected 27646 gold pieces.
You spent 1735 gold pieces at shops.
You paid 12732 gold pieces to Gozag.

Inventory:

Armour
 b - a +4 tower shield of cold resistance (worn)
 i - a +0 helmet (worn)
 C - the +6 lightning scales (worn) {swift, rElec}
   (You found it in a Gauntlet)

   Swift:     It allows the wearer to cover ground more swiftly.
   rElec:     It insulates you from electricity.
 R - a +2 pair of gloves of strength (worn)
 S - a +10 plate armour of fire resistance (worn)
 Z - the +2 ratskin cloak (worn) {*Rats rPois rN+ Str-1 Int-1 Dex+1}
   (You found it on level 3 of the Elven Halls)

   *Rats:     When the wearer is hurt, rats may emerge from it to assist them.
   Str:       It affects your strength (-1).
   Int:       It affects your intelligence (-1).
   Dex:       It affects your dexterity (+1).
   rPois:     It protects you from poison.
   rN:        It protects you from negative energy.
Jewellery
 f - the ring "Yrris" (right hand) {rF+ Will+ rCorr Stlth+}
   (You found it in a Gauntlet)

   [ring of protection from fire]

   rF:        It protects you from fire.
   rCorr:     It protects you from acid and corrosion.
   Will:      It increases your willpower.
   Stlth:     It makes you more stealthy.
 h - the ring "Teerphiuc" {rPois Dex+2 Slay+4}
   (You took it off a vault warden on level 5 of the Vaults)

   [ring of slaying]

   Dex:       It affects your dexterity (+2).
   Slay:      It affects your accuracy & damage with ranged weapons and melee
   (+4).
   rPois:     It protects you from poison.
 n - a ring of see invisible
 r - the ring "Laeqof" {Ice Will+ Dex+3}
   (You found it in an ice cave)

   [ring of ice]

   It enhances your ice magic.
   Dex:       It affects your dexterity (+3).
   rF:        It makes you vulnerable to fire.
   rC:        It protects you from cold.
   Will:      It increases your willpower.
 w - an amulet of reflection (around neck)
 y - the ring of Pride {Fire rElec Will- Dex+2}
   (You took it off a deep elf demonologist on level 3 of the Elven Halls)

   [ring of fire]

   It enhances your fire magic.
   Dex:       It affects your dexterity (+2).
   rF:        It protects you from fire.
   rC:        It makes you vulnerable to cold.
   rElec:     It insulates you from electricity.
   Will:      It decreases your willpower.
 Q - the ring "Igaej" (left hand) {Wiz rN+ Slay+3}
   (You took it off a naga sharpshooter on level 1 of the Snake Pit)

   [ring of wizardry]

   It improves your spell success rate.
   Slay:      It affects your accuracy & damage with ranged weapons and melee
   (+3).
   rN:        It protects you from negative energy.
Wands
 v - a wand of flame (71)
 E - a wand of roots (37)
 H - a wand of polymorph (20)
 I - a wand of digging (2)
 K - a wand of mindburst (26)
 L - a wand of light (16)
 N - a wand of paralysis (19)
Scrolls
 a - 5 scrolls of poison {!r}
 l - 5 scrolls of teleportation
 m - 5 scrolls of blinking
 s - 2 scrolls of fog
 B - 5 scrolls of silence
 D - 4 scrolls of immolation {!r}
 G - 10 scrolls of fear
 M - a scroll of summoning
 P - 5 scrolls of vulnerability {!r}
Potions
 c - 13 potions of attraction {!q}
 d - 4 potions of curing {@q1}
 j - 8 potions of brilliance
 k - 12 potions of mutation {!q}
 o - 6 potions of magic
 p - 5 potions of heal wounds {@q2}
 q - 5 potions of flight
 t - 12 potions of lignification {!q}
 u - 6 potions of might
 z - 5 potions of berserk rage {!q}
 A - 3 potions of resistance
 F - 2 potions of cancellation
 J - 6 potions of invisibility
 O - a potion of haste
Miscellaneous
 x - a phantom mirror (inert)
 T - a phial of floods
 U - a box of beasts


   Skills:
 - Level 20.0 Fighting
 - Level 23.0 Armour
 - Level 8.0 Dodging
 + Level 22.3 Shields
 + Level 24.4 Unarmed Combat
 - Level 20.0 Evocations


You had 25 spell levels left.
You didn't know any spells.
Your spell library contained the following spells:

 Spells                   Type           Power      Damage    Failure   Level
 Apportation              Tloc           0%         N/A       56%         1
 Beastly Appendage        Tmut           0%         N/A       56%         1
 Freeze                   Ice            0%         1d3       56%         1
 Kiss of Death            Conj/Necr      0%         2d5       56%         1
 Magic Dart               Conj           0%         1d3       56%         1
 Necrotise                Necr           0%         1d4       56%         1
 Sandblast                Erth           0%         2d4       56%         1
 Shock                    Conj/Air       0%         1d3       56%         1
 Slow                     Hex            0%         N/A       56%         1
 Summon Small Mammal      Summ           0%         N/A       56%         1
 Blink                    Tloc           0%         N/A       71%         2
 Call Imp                 Summ           0%         N/A       71%         2
 Cigotuvi's Dreadful Rot  Necr/Pois/Air  0%         N/A       71%         2
 Lesser Beckoning         Tloc           0%         N/A       71%         2
 Momentum Strike          Conj/Tloc      0%         3d8       71%         2
 Passwall                 Tmut/Erth      0%         N/A       71%         2
 Poisonous Vapours        Pois/Air       0%         N/A       71%         2
 Searing Ray              Conj           0%         2d4       71%         2
 Call Canine Familiar     Summ           0%         N/A       89%         3
 Confusing Touch          Hex            0%         N/A       89%         3
 Dazzling Flash           Conj/Hex       0%         N/A       89%         3
 Frozen Ramparts          Ice            0%         1d1       89%         3
 Gell's Gravitas          Tloc           0%         N/A       89%         3
 Hailstorm                Conj/Ice       0%         3d3       89%         3
 Ignite Poison            Fire/Tmut/Pois 0%         N/A       89%         3
 Inner Flame              Hex/Fire       0%         N/A       89%         3
 Kindle Blastsparks       Fire/Tloc/Air  0%         2d10      89%         3
 Mephitic Cloud           Conj/Pois/Air  0%         N/A       89%         3
 Ozocubu's Armour         Ice            0%         N/A       89%         3
 Portal Projectile        Hex/Tloc       0%         N/A       89%         3
 Spider Form              Tmut/Pois      0%         N/A       89%         3
 Stone Arrow              Conj/Erth      0%         3d7       89%         3
 Summon Guardian Golem    Hex/Summ       0%         N/A       89%         3
 Swiftness                Air            0%         N/A       89%         3
 Teleport Other           Tloc           0%         N/A       89%         3
 Tukima's Dance           Hex            0%         N/A       89%         3
 Vampiric Draining        Necr           0%         2d6       89%         3
 Airstrike                Air            0%         2d(0-16)  99%         4
 Animate Armour           Summ/Erth      0%         N/A       99%         4
 Cause Fear               Hex            0%         N/A       99%         4
 Dispel Undead            Necr           0%         3d6       99%         4
 Flame Wave               Conj/Fire      0%         2d4       99%         4
 Fulminant Prism          Conj/Hex       0%         3d5       99%         4
 Ice Form                 Ice/Tmut       0%         N/A       99%         4
 Iskenderun's Mystic Bla  Conj/Tloc      0%         2d3       99%         4
 Leda's Liquefaction      Hex/Erth       0%         N/A       99%         4
 Manifold Assault         Tloc           0%         N/A       99%         4
 Olgreb's Toxic Radiance  Pois           0%         N/A       99%         4
 Passage of Golubria      Tloc           0%         N/A       99%         4
 Sticky Flame             Conj/Fire      0%         2d3       99%         4
 Summon Ice Beast         Ice/Summ       0%         N/A       99%         4
 Alistair's Intoxication  Tmut/Pois      0%         N/A       100%        5
 Blade Hands              Tmut           0%         N/A       100%        5
 Borgnjor's Vile Clutch   Necr/Erth      0%         N/A       100%        5
 Fireball                 Conj/Fire      0%         3d3       100%        5
 Freezing Cloud           Conj/Ice/Air   0%         6-21      100%        5
 Irradiate                Conj/Tmut      0%         3d11      100%        5
 Iskenderun's Battlesphe  Conj           0%         2d6       100%        5
 Lee's Rapid Deconstruct  Erth           0%         3d4*      100%        5
 Metabolic Englaciation   Hex/Ice        0%         N/A       100%        5
 Silence                  Hex/Air        0%         N/A       100%        5
 Summon Mana Viper        Hex/Summ       0%         N/A       100%        5
 Yara's Violent Unravell  Hex/Tmut       0%         3d3       100%        5
 Conjure Ball Lightning   Conj/Air       0%         3x3d6     100%        6
 Death Channel            Necr           0%         N/A       100%        6
 Dispersal                Tloc           0%         N/A       100%        6
 Eringya's Noxious Bog    Tmut/Pois      0%         N/A       100%        6
 Iron Shot                Conj/Erth      0%         9d1       100%        6
 Statue Form              Tmut/Erth      0%         N/A       100%        6
 Dragon Form              Tmut           0%         N/A       100%        7
 Enfeeble                 Hex            0%         N/A       100%        7
 Haunt                    Necr/Summ      0%         N/A       100%        7
 Orb of Destruction       Conj           0%         9d5       100%        7
 Ozocubu's Refrigeration  Ice            0%         4d7       100%        7
 Discord                  Hex            0%         N/A       100%        8
 Disjunction              Tloc           0%         N/A       100%        8
 Ignition                 Fire           0%         3d3       100%        8
 Infestation              Necr           0%         N/A       100%        8
 Lehudib's Crystal Spear  Conj/Erth      0%         10d2      100%        8
 Polar Vortex             Ice            0%         N/A       100%        9
 Animate Dead             Necr           Unusable   N/A       N/A         4
 Simulacrum               Ice/Necr       Unusable   N/A       N/A         6

Dungeon Overview and Level Annotations

Branches:
Dungeon (15/15)            Temple (1/1) D:5            Lair (5/5) D:9
  Swamp (4/4) Lair:2        Snake (4/4) Lair:3        Slime (0/5) Lair:4
    Orc (2/2) D:9             Elf (3/3) Orc:2        Vaults (5/5) D:13
  Crypt (0/3) Vaults:3     Depths (4/4) D:15            Zot (5/5) Depths:4
  IceCv (visited)          WizLab (visited)         Gauntlet (visited)

Altars:
Ashenzari
Cheibriados
Dithmenos
Elyvilon
Fedhas
Gozag
Hepliaklqana
Kikubaaqudgha
Nemelex Xobeh
Okawaru
Qazlal
Sif Muna
Trog
Uskayaw
Vehumet
Wu Jian
Yredelemnul
Zin
The Shining One
Jiyva

Shops:
D:9 =   Orc:2 :*[(   Elf:3 (**   Lair:3 [   Snake:3 [   Snake:4 (   Vaults:3 (
Vaults:4 [*   Depths:4 !

Portals:
Hell: Depths:1 Depths:2 Depths:3 Depths:4
Abyss: Depths:3
Pandemonium: Depths:2 Depths:4
Ziggurat: Depths:4

Annotations:
D:6 1 runed translucent door, milododd's ghost, amateur FoFi
D:14 exclusion: 4 oklob plants
Lair:1 exclusion: 2 oklob plants
Lair:2 exclusion: downstairs
Elf:2 exclusion: ice statue
Depths:3 exclusion: obsidian statue


Innate Abilities, Weirdness & Mutations

You are completely covered in rugged brown scales. (AC +3, +7% HP)
Armour fits poorly on your strangely shaped body.
You have a long armoured tail.
You roll when moving toward enemies. (Rampage)
Your long tongue fully drains potion bottles. (2x potion effects)
Your tongue gives you trouble enunciating. (1.5x scroll delay)
You are mostly covered in iridescent scales. (AC +4)
You are partially covered in large bone plates. (SH +4)
You sometimes lose your temper in combat.
You are frail. (-10% HP)
You occasionally shout uncontrollably at your foes.
You sometimes lose the ability to read scrolls when taking damage.


Message History

There is a stone staircase leading up here.
You climb upwards.
Level annotation: 1 runed translucent door, milododd's ghost, amateur FoFi
There is a stone staircase leading down here.
There is an open door here.
A Tzitzimitl comes into view.
As you slowly read the scroll of fog, it crumbles to dust.
The scroll dissolves into smoke.
You slurp down every last drop of the 2 potions of haste!
You feel yourself speed up.
There is a stone staircase leading up here.
You climb upwards.
There is a stone staircase leading down here.
There is a stone staircase leading up, spattered with blood here.
You climb upwards.
There is a stone staircase leading down here.
Things that are here:
2 stones; a +0 whip
There is a stone staircase leading up here.
You climb upwards.
There is a stone staircase leading down here.
Your extra speed is starting to run out.
You feel yourself slow down.
There is a stone staircase leading up here.
You climb upwards.
There is a stone staircase leading down here.
You see here a +0 dagger.
There is a stone staircase leading up here.
You climb upwards.
There is a stone staircase leading down here.
There is a fountain of clear blue water here.
There is an open door here.
There is a staircase leading out of the dungeon here.
There is an open door here.
Press: ? - help, v - describe, . - travel A staircase leading out of the dungeon.
This square is covered in magical glow.
An Orb Guardian comes into view.
There is a staircase leading out of the dungeon here.
You have escaped!

#..............# ##.####.#....#
##..............####.####.#.##.#
.#....................#......#.#
.##.............####..#.#.#..#.#
.##..............###..#.#.#..#.#
.############.........#.#.####.#
.# #.⌠...⌠...#.#......# .#
#########..###....#.######## .#
#..........'@#......# .#
#..........###...#### .##
#.....÷...⌠...⌠..#
..###......)..X......###
...##........##........#
.#...........##........#
.###.........##........# .#
##........##....)...# .#
######.####........#####


You could see an Orb Guardian.

Vanquished Creatures
  3 dread liches (Zot:5)
  An ancient lich (Vaults:5)
  An orb of fire (Zot:5)
  A royal mummy (Depths:2)
  A curse toe (Zot:5)
  Head Instructor (WizLab)
  2 caustic shrikes (Depths:2)
  Saint Roka (Depths:2)
  The ghost of Foasmeck the Peltast, a veteran MiFi of Qazlal (Vaults:4)
  10 golden dragons
  Nikola (Snake:4)
  A bone dragon (Depths:4)
  3 electric golems
  A Brimstone Fiend (Zot:3)
  3 hellephants (Depths:1)
  17 tentacled monstrosities
  A walking crystal tome (Depths:1)
  Jorgrun (D:13)
  2 walking divine tomes
  15 Orb Guardians (Zot:5)
  2 deep elf master archers (Elf:3)
  4 quicksilver dragons
  A lich (Depths:2)
  2 deep elf blademasters (Elf:3)
  A walking earthen tome (Depths:1)
  3 titans
  Asterion (Vaults:1)
  12 acid blobs
  Agnes (Elf:1)
  5 death cobs
  2 Executioners
  2 tentacled starspawn (Abyss:2)
  7 shadow dragons
  6 sphinxes
  9 tengu reavers
  A thorn hunter (Swamp:2)
  4 draconian monks
  11 storm dragons
  Roxanne (Elf:1)
  A rockslime (IceCv)
  Donald (Vaults:1)
  15 nagarajas
  6 fire giants
  3 narguns
  3 azure jellies (IceCv)
  6 draconian scorchers
  A fenstrider witch (Swamp:3)
  7 draconian knights
  16 vault wardens
  6 deep elf sorcerers
  5 frost giants
  Aizul (Lair:3)
  An iron dragon (Depths:3)
  A spectral caustic shrike (Depths:3)
  2 cacodemons
  2 orc warlords
  4 ghost moths
  2 draconian shifters
  The ghost of 0netwelve the Severer, a journeyman HOMo of the Shining One (Swamp:2)
  7 deep elf elementalists
  40 very ugly things
  3 draconian annihilators
  5 draconian stormcallers
  A reaper (Abyss:2)
  3 war gargoyles
  18 stone giants
  26 ironbound preservers
  3 quicksilver oozes (IceCv)
  6 vampire knights
  The ghost of toympanos the Bludgeoner, a journeyman MiFi of Okawaru (Elf:1)
  5 ironbound thunderhulks
  7 green draconians
  8 black draconians
  9 red draconians
  A minotaur (Gauntlet)
  9 deep elf demonologists
  6 eleionomae
  4 spark wasps (Depths:2)
  17 yellow draconians
  7 purple draconians
  11 dire elephants
  7 deep elf annihilators
  3 bunyips
  9 white draconians
  A green death (Abyss:2)
  2 deep elf death magi
  16 ettins
  A crystal guardian (Vaults:3)
  3 shambling mangroves
  Josephine (Orc:2)
  A blizzard demon (Abyss:2)
  An entropy weaver (shapeshifter) (Elf:3)
  8 great orbs of eyes
  17 yaktaur captains
  An entropy weaver (Vaults:3)
  2 spectral fenstrider witches (Swamp:2)
  2 spectral golden dragons (Depths:3)
  4 deep elf high priests
  2 hell beasts
  27 vault guards
  Fannar (Lair:2)
  3 rakshasas
  5 ice dragons
  8 fire dragons
  4 salamander tyrants (Snake:4)
  8 spriggan air magi
  19 hydras
  A caustic shrike simulacrum (Abyss:2)
  7 ogre magi
  5 catoblepae
  A spectral sphinx (Depths:3)
  A spectral tengu (Depths:3)
  7 two-headed ogres
  8 ironbound frosthearts
  5 anacondas
  4 tengu warriors
  2 peacekeepers (Vaults:3)
  4 boulder beetles
  28 dancing weapons
  11 centaur warriors
  8 hell hogs (Depths:1)
  6 deep troll earth magi
  Erica (D:8)
  4 deep troll shamans
  The ghost of zx48k the Blocker, a novice GnFi of Okawaru (D:10)
  9 alligators
  A spectral storm dragon (Depths:3)
  16 naga warriors
  7 death yaks
  20 naga sharpshooters
  A shock serpent (shapeshifter) (Vaults:5)
  Urug (D:13)
  3 vampire magi
  2 orc high priests
  2 sun demons (Depths:2)
  Sonja (Lair:2)
  5 spriggan berserkers
  5 thrashing horrors
  9 shock serpents
  A soul eater (D:10)
  4 hell knights (Depths:4)
  16 deep elf knights
  Amaemon (D:8)
  3 wretched stars
  6 skeletal warriors
  3 salamander mystics
  A spectral spriggan (Swamp:2)
  7 iron trolls
  3 goliath frogs
  2 skysharks (Lair:4)
  6 spriggan druids
  3 bog bodies
  A skyshark (shapeshifter) (Vaults:4)
  51 deep trolls
  2 sixfirhies
  2 glowing orange brains
  2 shadow demons (Depths:3)
  9 deep elf archers
  21 ironbound convokers
  A tengu zombie (Vaults:2)
  10 swamp dragons
  A flayed ghost (Vaults:5)
  8 lindwurms
  5 phantasmal warriors
  2 spectral iron dragons (Depths:3)
  A deep troll (shapeshifter) (D:13)
  12 naga ritualists
  5 harpies (Vaults:1)
  Pikel (D:7)
  A lindwurm (shapeshifter) (Vaults:5)
  31 deep elf pyromancers
  3 orange crystal statues (IceCv)
  8 necromancers
  11 wizards
  A wolf spider zombie (D:9)
  44 ugly things
  18 mana vipers
  A frost giant zombie (Vaults:4)
  26 deep elf zephyrmancers
  7 orc sorcerers
  12 orc knights
  19 moths of wrath
  5 will-o-the-wisps
  6 cyclopes
  6 manticores
  A human skeleton (Vaults:2)
  15 elephants
  A salamander (shapeshifter) (D:15)
  11 salamanders
  9 guardian serpents
  4 oklob plants (Zot:4)
  A guardian serpent (shapeshifter) (Abyss:3)
  19 naga magi
  3 centaur zombies (D:9)
  A torpor snail (Lair:4)
  A gargoyle (D:13)
  16 vault sentinels
  5 cane toads
  Maggie (D:8)
  59 black mambas
  A hellion (Depths:2)
  5 smoke demons
  2 efreet
  3 centaur skeletons (D:13)
  2 rime drakes
  An unseen horror (D:12)
  A human zombie (Vaults:4)
  4 orange demons
  7 komodo dragons
  5 kobold demonologists
  An elf zombie (Vaults:4)
  4 freezing wraiths
  5 tengu conjurers
  A tormentor (Abyss:3)
  3 spectral glowing shapeshifters (Depths:3)
  5 ancient zymes
  5 guardian mummies
  2 ice devils (Depths:4)
  40 yaktaurs
  4 red devils
  4 trolls
  3 starcursed masses (Abyss:3)
  2 polar bears
  Grinder (D:6)
  5 tyrant leeches
  Prince Ribbit (D:8)
  7 raiju
  14 hornets
  2 hellwings (D:8)
  10 blink frogs
  5 dream sheep
  A meliai zombie (D:9)
  32 slime creatures
  3 air elementals
  2 ynoxinuls
  5 flying skulls (Abyss:2)
  A vampire (D:10)
  26 spriggans
  A spriggan (shapeshifter) (D:15)
  3 water elementals
  6 wyverns
  48 yaks
  7 wraiths
  4 fire elementals
  3 chaos spawn
  3 basilisks
  A steam dragon (Lair:2)
  A redback (shapeshifter) (Depths:2)
  4 wargs
  20 vampire mosquitoes
  Menkaure (D:7)
  13 swamp worms
  Edmund (D:6)
  A glowing shapeshifter zombie (Vaults:2)
  2 hydra simulacra (Swamp:2)
  61 nagas
  15 water moccasins
  2 acid dragons
  Duvessa (D:7)
  3 floating eyes
  11 swamp drakes
  A hornet zombie (D:9)
  35 orc warriors
  2 ice beasts
  3 black bears
  7 large abominations
  11 centaurs
  9 ogres
  5 boggarts
  7 great orb of eyes simulacra (IceCv)
  19 wolves (Lair:2)
  8 slime creature simulacra (IceCv)
  3 lemures (D:7)
  10 kobold brigands
  Blork the orc (D:5)
  A necrophage (D:8)
  11 bullfrogs
  2 scorpions (D:5)
  3 glowing shapeshifter simulacra (IceCv)
  4 small abominations
  5 wights (D:8)
  Dowan (D:7)
  10 electric eels
  5 howler monkeys
  2 lava snakes (Lair:2)
  A hound (D:7)
  Crazy Yiuf (D:7)
  17 jellies
  8 orc priests
  Jessica (D:2)
  3 iguanas
  Natasha (thrice) (D:4)
  10 orc wizards
  A boggart skeleton (D:13)
  A hell rat (D:9)
  3 gnolls (Orc:1)
  5 adders
  A river rat (D:9)
  6 shadow imps
  A white imp (D:7)
  2 ufetubi
  3 worms
  6 dart slugs
  38 orcs
  8 ball pythons
  7 endoplasms
  3 giant cockroaches
  8 goblins
  4 hobgoblins
  2 jackals (D:3)
  8 quokkas
  6 bats
  6 frilled lizards
  33 kobolds
  7 rats
  A starspawn tentacle (Abyss:2)
2107 creatures vanquished.

Vanquished Creatures (collateral kills)
  2 orbs of fire (Zot:5)
  A dread lich (Zot:5)
  A caustic shrike (Depths:2)
  A golden dragon (Zot:3)
  3 Orb Guardians (Zot:5)
  2 death cobs
  2 acid blobs (Zot:4)
  2 titans (Vaults:5)
  A sphinx (Zot:5)
  A shadow dragon (Vaults:5)
  2 tengu reavers (Vaults:5)
  A fire giant (Vaults:5)
  A vault warden (Vaults:5)
  A draconian annihilator (Zot:3)
  A green draconian (Zot:4)
  A deep elf demonologist (Vaults:5)
  A yellow draconian (Zot:5)
  2 white draconians
  2 deep elf death magi (Vaults:5)
  3 yaktaur captains (Vaults:5)
  A deep elf high priest (Vaults:5)
  An ogre mage (Vaults:5)
  3 deep trolls
  4 moths of wrath
  A vault sentinel (Vaults:5)
  A hellion (Zot:3)
  A freezing wraith (Vaults:5)
  A troll (shapeshifter) (Vaults:5)
  A dream sheep (shapeshifter) (Vaults:5)
  2 jellies (Zot:4)
47 creatures vanquished.

Vanquished Creatures (others)
  3 Killer Klowns
  2 tentacled monstrosities (Zot:4)
  5 Orb Guardians (Zot:5)
  A titan (Vaults:5)
  2 acid blobs (Zot:4)
  A sphinx (Vaults:5)
  A death cob (Zot:4)
  A shadow dragon (Vaults:5)
  3 draconian monks
  A draconian knight (Zot:3)
  2 deep elf sorcerers (Vaults:5)
  A vault warden (Vaults:5)
  2 draconian scorchers
  2 draconian stormcallers
  A war gargoyle (Vaults:5)
  2 draconian annihilators
  3 green draconians
  A stone giant (Vaults:5)
  2 black draconians (Zot:5)
  2 white draconians
  Nessos (D:14)
  A deep elf annihilator (Elf:3)
  10 yellow draconians
  2 ettins (Vaults:5)
  A deep elf death mage (Vaults:5)
  A yaktaur captain (Vaults:5)
  An ironbound frostheart (Vaults:5)
  An alligator (Swamp:3)
  A naga warrior (Snake:2)
  A deep elf knight (Elf:2)
  A deep troll (Vaults:5)
  A moth of wrath (Zot:5)
  2 vault sentinels (Vaults:5)
  6 bloated husks
  A water elemental (Elf:3)
  A fire elemental (Elf:3)
  7 vampire mosquitoes (Swamp:2)
  A lava snake (Lair:2)
  A jelly (Zot:4)
  An orc (Depths:3)
  A bush (D:14)
  28 foxfires
  54 fungi
  A lurking horror (Abyss:3)
  61 plants
  3 starspawn tentacles (Abyss:2)
  5 withered plants (D:9)
233 creatures vanquished.

Grand Total: 2387 creatures vanquished

Notes
Turn   | Place    | Note
-------+----------+-------------------------------------------
     0 | D:1      | Kenran the Armataur Fighter began the quest for the Orb.
     0 | D:1      | Reached XP level 1. HP: 19/19 MP: 1/1
    44 | D:1      | Reached skill level 2 in Unarmed Combat
   173 | D:1      | Reached XP level 2. HP: 26/26 MP: 2/2
   308 | D:1      | Reached skill level 3 in Unarmed Combat
   611 | D:1      | Reached XP level 3. HP: 26/33 MP: 3/3
   779 | D:2      | Noticed Jessica
   806 | D:2      | Killed Jessica
   997 | D:2      | Reached XP level 4. HP: 40/40 MP: 4/4
  1133 | D:2      | Reached skill level 4 in Unarmed Combat
  1841 | D:3      | Found a faded altar of an unknown god.
  2685 | D:4      | Reached XP level 5. HP: 48/48 MP: 5/5
  2869 | D:4      | Noticed an ogre
  2872 | D:4      | Killed an ogre
  2873 | D:4      | Reached skill level 1 in Evocations
  2924 | D:4      | Noticed Natasha
  2943 | D:4      | Killed Natasha
  2944 | D:4      | Reached XP level 6. HP: 51/54 MP: 6/6
  3198 | D:4      | Noticed Natasha
  3209 | D:4      | Killed Natasha
  3210 | D:4      | Reached skill level 5 in Unarmed Combat
  3249 | D:4      | Noticed Natasha
  3257 | D:4      | Killed Natasha
  3704 | D:5      | Entered Level 5 of the Dungeon
  3808 | D:5      | Noticed Blork the orc
  3811 | D:5      | Killed Blork the orc
  3867 | D:5      | Found a staircase to the Ecumenical Temple.
  3972 | Temple   | Entered the Ecumenical Temple
  4010 | Temple   | Became a worshipper of Gozag Ym Sagoz the Greedy
  4159 | D:5      | Reached XP level 7. HP: 22/62 MP: 7/7
  4371 | D:5      | Reached skill level 6 in Unarmed Combat
  4989 | D:6      | Noticed Edmund
  5006 | D:6      | Killed Edmund
  5007 | D:6      | Reached skill level 7 in Unarmed Combat
  5028 | D:6      | Reached XP level 8. HP: 64/70 MP: 8/8
  5345 | D:6      | Noticed Grinder
  5348 | D:6      | Killed Grinder
  5349 | D:6      | Reached skill level 8 in Unarmed Combat
  5358 | D:6      | Reached skill level 5 in Fighting
  5549 | D:6      | Found a runed translucent door.
  5549 | D:6      | Noticed milododd's ghost (amateur FoFi)
  6050 | D:7      | Reached skill level 5 in Armour
  6050 | D:7      | Reached XP level 9. HP: 46/80 MP: 9/9
  6278 | D:7      | Found a runed translucent door.
  6279 | D:7      | Noticed Crazy Yiuf
  6287 | D:7      | Killed Crazy Yiuf
  6382 | D:7      | Noticed Duvessa
  6383 | D:7      | Noticed Dowan
  6389 | D:7      | Killed Duvessa
  6395 | D:7      | Killed Dowan
  6520 | D:7      | Noticed Pikel
  6625 | D:7      | Killed Pikel
  6762 | D:7      | Reached skill level 5 in Evocations
  6925 | D:7      | Noticed Menkaure
  6930 | D:7      | Killed Menkaure
  7133 | D:8      | Noticed Erica
  7147 | D:8      | Killed Erica
  7148 | D:8      | Reached skill level 9 in Unarmed Combat
  7298 | D:8      | Reached XP level 10. HP: 88/88 MP: 10/10
  7346 | D:8      | Noticed an orange demon
  7346 | D:8      | Noticed Amaemon
  7380 | D:8      | Killed an orange demon
  7381 | D:8      | Reached skill level 10 in Unarmed Combat
  7512 | D:8      | Noticed Maggie
  7523 | D:8      | Killed Maggie
  7524 | D:8      | Noticed Prince Ribbit
  7542 | D:8      | Killed Prince Ribbit
  7641 | D:8      | Identified the +2 scale mail of Duty {rN+}
  7887 | D:8      | Noticed a +0 short sword
  7887 | D:8      | Noticed a +0 dagger
  7887 | D:8      | Noticed a +0 spear
  7887 | D:8      | Noticed a +0 spear
  7888 | D:8      | Noticed a +0 falchion
  7888 | D:8      | Noticed a +0 short sword
  7888 | D:8      | Noticed a +0 falchion
  7888 | D:8      | Noticed a +0 dagger
  7893 | D:8      | Found a hide-covered altar of Uskayaw.
  8017 | D:8      | Killed Amaemon
  9116 | D:9      | Reached skill level 11 in Unarmed Combat
  9116 | D:9      | Noticed a death yak
  9140 | D:9      | Noticed a death yak
  9345 | D:9      | Noticed a death yak
  9385 | D:8      | Killed a death yak
  9386 | D:8      | Reached XP level 11. HP: 57/100 MP: 11/11
  9397 | D:8      | Killed a death yak
  9415 | D:8      | Killed a death yak
  9870 | D:9      | Found a staircase to the Orcish Mines.
  9911 | D:9      | Found a staircase to the Lair.
  9948 | D:10     | Entered Level 10 of the Dungeon
  9993 | D:10     | Found a runed translucent door.
 10054 | D:10     | Reached skill level 5 in Shields
 10179 | D:10     | Noticed a two-headed ogre
 10183 | D:10     | Killed a two-headed ogre
 10350 | D:10     | Noticed zx48k's ghost (novice GnFi)
 10350 | D:10     | Identified the +8 spear of Destiny {elec, Int+3}
 10710 | D:10     | Reached skill level 12 in Unarmed Combat
 10969 | D:11     | Noticed a two-headed ogre
 10972 | D:11     | Killed a two-headed ogre
 11008 | D:11     | Noticed a skeletal warrior
 11008 | D:11     | Noticed a skeletal warrior
 11008 | D:11     | Noticed a skeletal warrior
 11056 | Lair:1   | Entered Level 1 of the Lair of Beasts
 11169 | Lair:1   | Noticed an oklob plant
 11326 | Lair:1   | Found a shimmering blue altar of Sif Muna.
 12012 | Lair:1   | Noticed an oklob plant
 12080 | Lair:2   | Noticed Sonja
 12083 | Lair:2   | Killed Sonja
 12084 | Lair:2   | Reached XP level 12. HP: 111/111 MP: 12/12
 12084 | Lair:2   | Found a hazy altar of Hepliaklqana.
 12233 | Lair:2   | Noticed Fannar
 12448 | Lair:2   | Killed Fannar
 12449 | Lair:2   | Reached skill level 10 in Armour
 13541 | Lair:2   | Reached skill level 13 in Unarmed Combat
 13795 | Lair:2   | Reached skill level 10 in Fighting
 14639 | Lair:2   | Found a staircase to the Swamp.
 14861 | Lair:3   | Noticed a four-headed hydra
 14862 | Lair:3   | Reached skill level 1 in Dodging
 14973 | Lair:2   | Killed a four-headed hydra
 15376 | Lair:3   | Reached XP level 13. HP: 120/120 MP: 13/13
 15470 | Lair:3   | Found a staircase to the Snake Pit.
 16166 | Lair:3   | Bought a +2 pair of gloves of strength for 279 gold pieces
 16166 | Lair:3   | Bought a +2 plate armour of fire resistance for 520 gold
                  | pieces
 16321 | Lair:4   | Found a viscous altar of Jiyva.
 16321 | Lair:4   | Found a staircase to the Slime Pits.
 16328 | Lair:4   | Found a gate leading to a gauntlet.
 16381 | Gauntlet | Entered a Gauntlet
 16381 | Gauntlet | Found a transporter.
 16381 | Gauntlet | Found a transporter.
 16387 | Gauntlet | Found a transporter.
 16398 | Gauntlet | Found a runed translucent door.
 16402 | Gauntlet | Found a transporter.
 16417 | Gauntlet | Found a transporter.
 16418 | Gauntlet | Found a transporter.
 16418 | Gauntlet | Found a transporter.
 16420 | Gauntlet | Found a transporter.
 16420 | Gauntlet | Found a transporter.
 16467 | Gauntlet | Found a transporter.
 16751 | Gauntlet | Identified the ring of Hico {Will+ Int+3}
 16835 | Gauntlet | Found a transporter.
 16852 | Gauntlet | Identified a scroll of acquirement
 16853 | Gauntlet | Acquired 621 gold pieces
 17010 | Gauntlet | Found a transporter.
 17017 | Gauntlet | Identified the ring "Yrris" {rF+ Will+ rCorr Stlth+}
 17030 | Gauntlet | Found a transporter.
 17042 | Gauntlet | Found the +6 lightning scales {swift, rElec}
 17042 | Gauntlet | Noticed a minotaur
 17058 | Gauntlet | Killed a minotaur
 17386 | Lair:4   | Reached skill level 14 in Unarmed Combat
 17977 | Lair:5   | Entered Level 5 of the Lair of Beasts
 19082 | Lair:5   | Reached XP level 14. HP: 94/134 MP: 14/14
 19129 | Lair:5   | Reached skill level 15 in Unarmed Combat
 19818 | Lair:5   | Identified the amulet of Terobiocs {Faith Rampage Drain
                  | rElec Int+4}
 20283 | D:10     | Killed zx48k's ghost
 22110 | D:12     | Identified the +1 robe "Geotie Paevo" {Str+5}
 22695 | D:12     | Found a snail-covered altar of Cheibriados.
 22955 | D:13     | Noticed Jorgrun
 22957 | D:13     | Noticed Urug
 23178 | D:13     | Killed Urug
 23858 | D:13     | Killed Jorgrun
 24353 | D:13     | Found a gate to the Vaults.
 24921 | D:14     | Reached XP level 15. HP: 141/144 MP: 15/15
 24961 | D:14     | Reached skill level 10 in Evocations
 25034 | D:14     | Noticed Nessos
 25041 | D:14     | Killed Nessos
 25409 | D:14     | Paralysed by a floating eye for 3 turns
 25695 | D:15     | Entered Level 15 of the Dungeon
 25729 | D:15     | Reached skill level 16 in Unarmed Combat
 25956 | D:15     | Reached skill level 15 in Armour
 25978 | D:15     | Found a staircase to the Depths.
 25978 | D:15     | Noticed a fire giant
 26000 | D:15     | Killed a fire giant
 27221 | Orc:1    | Entered Level 1 of the Orcish Mines
 27703 | Orc:2    | Entered Level 2 of the Orcish Mines
 27703 | Orc:2    | Noticed Josephine
 27719 | Orc:2    | Killed Josephine
 28018 | Orc:2    | Found Hufas's Antique Armour Shop.
 28029 | Orc:2    | Found Tiupoang's Antique Weapon Emporium.
 28032 | Orc:2    | Found a staircase to the Elven Halls.
 28935 | Orc:2    | Found Ykkuman's General Store.
 29081 | Orc:2    | Found Dyawec's Book Shoppe.
 29591 | Swamp:1  | Entered Level 1 of the Swamp
 29709 | Swamp:1  | Reached skill level 17 in Unarmed Combat
 30503 | Swamp:2  | Found a frozen archway.
 30521 | Swamp:2  | Reached XP level 16. HP: 149/153 MP: 16/16
 30562 | IceCv    | Entered an ice cave
 30841 | IceCv    | Identified the +5 ring mail of Peek-a-Boo {Str+6 SInv}
 31179 | IceCv    | Identified the +0 robe "Tauriduc" {rC+ Str+7}
 32074 | IceCv    | Found a viscous altar of Jiyva.
 32384 | IceCv    | Got the ring "Laeqof" {Ice Will+ Dex+3}
 32608 | Swamp:2  | Reached skill level 10 in Shields
 33016 | Swamp:2  | Found a transporter.
 33020 | Swamp:2  | Found a transporter.
 33525 | Swamp:2  | Noticed 0netwelve's ghost (journeyman HOMo)
 33653 | Swamp:2  | Noticed a thorn hunter
 33663 | Swamp:2  | Killed a thorn hunter
 33995 | Swamp:2  | Killed 0netwelve's ghost
 34463 | Swamp:3  | Reached skill level 18 in Unarmed Combat
 35386 | Swamp:4  | Entered Level 4 of the Swamp
 35732 | Swamp:3  | Reached XP level 17. HP: 88/159 MP: 17/17
 36662 | Swamp:4  | Got a decaying rune of Zot
 36712 | Swamp:4  | Identified the +2 robe of the Freezing God {rC- rN+ Int+4}
 37281 | Snake:1  | Entered Level 1 of the Snake Pit
 37282 | Snake:1  | You fall into a shaft and drop 1 floor!
 37559 | Snake:2  | Found a glowing golden altar of the Shining One.
 37644 | Snake:1  | Reached skill level 15 in Shields
 38942 | Snake:1  | Noticed Aizul
 38980 | Lair:3   | Killed Aizul
 39922 | Snake:1  | Identified the ring "Igaej" {Wiz rN+ Slay+3}
 40208 | Snake:1  | Reached XP level 18. HP: 159/171 MP: 18/18
 40600 | Snake:1  | Identified the +1 leather armour "Veplit" {+Inv rF- rN+++
                  | Int-3}
 41015 | Snake:3  | Found Xycod's Superior Scales.
 42820 | Snake:4  | Entered Level 4 of the Snake Pit
 42837 | Snake:4  | Got the Parchment of Evolving Conflict
 43024 | Snake:4  | Noticed Nikola
 43096 | Snake:4  | Killed Nikola
 43412 | Snake:4  | Found Bigy's Firing Range.
 43837 | Snake:4  | Reached skill level 15 in Fighting
 44216 | Snake:4  | Reached skill level 19 in Unarmed Combat
 45508 | Snake:4  | Got a serpentine rune of Zot
 45907 | Elf:1    | Entered Level 1 of the Elven Halls
 45982 | Elf:1    | Noticed Agnes
 46006 | Elf:1    | Killed Agnes
 46015 | Elf:1    | Reached XP level 19. HP: 154/181 MP: 19/19
 46155 | Elf:1    | Identified Roxanne's Excursus on Minerals
 46155 | Elf:1    | Noticed Roxanne
 46272 | Elf:1    | Killed Roxanne
 46399 | Elf:1    | Identified the +2 ring mail of Dishonour {Int+4}
 46553 | Elf:1    | Found a large runed translucent door.
 47202 | Elf:1    | Found a large runed translucent door.
 47205 | Elf:1    | Noticed toympanos's ghost (journeyman MiFi)
 47242 | Elf:1    | Killed toympanos's ghost
 47695 | Elf:2    | Paralysed by an air elemental for 1 turns
 47700 | Elf:2    | Paralysed by an air elemental for 1 turns
 47705 | Elf:2    | Paralysed by an air elemental for 1 turns
 48087 | Elf:2    | Found a runed translucent gate.
 48088 | Elf:2    | Found a runed translucent gate.
 48088 | Elf:2    | Found a runed translucent gate.
 49412 | Elf:3    | Entered Level 3 of the Elven Halls
 49487 | Elf:3    | Gained mutation: You are frail. (-10% HP) [a neqoxec]
 49598 | Elf:3    | Found Seeg Xas's General Store.
 49608 | Elf:3    | Found a flickering gateway to a bazaar.
 49619 | Bazaar   | Entered a bazaar
 49633 | Bazaar   | Found Ihofohio's Antique Armour Emporium.
 49633 | Bazaar   | Found Majay's General Store.
 49640 | Bazaar   | Bought a scroll of teleportation for 24 gold pieces
 49640 | Bazaar   | Bought a scroll of enchant armour for 60 gold pieces
 49657 | Bazaar   | Found Zyt Fin's Distillery.
 49673 | Bazaar   | Found Ditot's Weapon Emporium.
 49673 | Bazaar   | Found Odipooxo's Distillery.
 49684 | Bazaar   | Bought a potion of might for 48 gold pieces
 49684 | Bazaar   | Bought a potion of heal wounds for 60 gold pieces
 49684 | Bazaar   | Bought a potion of heal wounds for 60 gold pieces
 49695 | Bazaar   | Found Ustes's Armour Shoppe.
 49872 | Elf:3    | Found a portal to a secret trove of treasure.
 49926 | Elf:3    | You paid a toll of 17 scrolls of teleportation to enter a
                  | treasure trove
 49927 | Trove    | Entered a treasure trove
 49988 | Trove    | Got Sif Muna's Lessons on Xenomorphic Malediction
 50001 | Trove    | Got Zoly's Precepts of Dislocation and the Missiles
 50045 | Elf:3    | Identified the +1 scale mail "Ecueb" {rElec}
 50085 | Elf:3    | Found Ikunie's Weapon Emporium.
 50246 | Elf:3    | Noticed a Brimstone Fiend
 50735 | Elf:3    | Identified the +1 robe of the Foremost Ships {MP+9}
 50753 | Abyss:2  | Cast into level 2 of the Abyss (a deep elf sorcerer)
 51004 | Abyss:2  | Found a corrupted altar of Lugonu.
 51040 | Abyss:2  | Reached skill level 20 in Unarmed Combat
 51229 | Elf:3    | Escaped the Abyss
 51397 | Elf:3    | Reached XP level 20. HP: 152/175 MP: 20/20
 51765 | Elf:3    | Identified the +10 dagger of the Other Side {elec, rPois
                  | rC+++ Will+ Str-2}
 52035 | Elf:3    | Identified the ring "Uggi" {Ice MP+9 Str+6 Slay+2}
 52275 | Elf:3    | Found the +2 ratskin cloak {*Rats rPois rN+ Str-1 Int-1
                  | Dex+1}
 52287 | Elf:3    | Found the +6 arbalest "Damnation" {damnation}
 52289 | Elf:3    | Identified the ring of Pride {Fire rElec Will- Dex+2}
 52312 | Elf:3    | Got Mafautho's Quarto of the Combined Caves
 52968 | Vaults:1 | Entered Level 1 of the Vaults
 53316 | Vaults:1 | Found a magical portal.
 53340 | WizLab   | Entered Yara's Duelist Academy
 53458 | WizLab   | Reached skill level 21 in Unarmed Combat
 53737 | WizLab   | Noticed Plog
 53757 | WizLab   | Killed Plog the Head Instructor
 54334 | WizLab   | Got Yara's Essays on Hexes
 54356 | WizLab   | Got Yara's Omnibus of the Jinx
 54718 | Vaults:1 | Noticed Donald
 54733 | Vaults:1 | Killed Donald
 54935 | Vaults:1 | Noticed Asterion
 54949 | Vaults:1 | Killed Asterion
 56741 | Vaults:2 | Reached XP level 21. HP: 113/185 MP: 21/21
 57830 | Vaults:3 | Reached skill level 22 in Unarmed Combat
 58261 | Vaults:3 | Found a staircase to the Crypt.
 58684 | Vaults:3 | Found Amoub's Antique Weapon Shoppe.
 59930 | Vaults:4 | Found a runed translucent gate.
 59930 | Vaults:4 | Found a runed translucent gate.
 59930 | Vaults:4 | Noticed Foasmeck's ghost (veteran MiFi)
 59931 | Vaults:4 | Found a runed translucent gate.
 59931 | Vaults:4 | Noticed a golden dragon
 60747 | Vaults:4 | Found Cacohimm's Armour Shoppe.
 60981 | Vaults:4 | Acquired 769 gold pieces
 61323 | Vaults:4 | Found Jioppiuxze's General Store.
 61698 | Vaults:4 | Reached XP level 22. HP: 187/195 MP: 22/22
 62361 | Elf:3    | Bought a potion of berserk rage for 85 gold pieces
 62361 | Elf:3    | Bought a potion of haste for 170 gold pieces
 62361 | Elf:3    | Bought a scroll of teleportation for 51 gold pieces
 62756 | Vaults:4 | Killed Foasmeck's ghost
 62766 | Vaults:4 | Killed a golden dragon
 62990 | Vaults:5 | Entered Level 5 of the Vaults
 62999 | Vaults:5 | Reached skill level 15 in Evocations
 63855 | Depths:1 | Entered Level 1 of the Depths
 64449 | Depths:1 | Paralysed by a floating eye for 2 turns
 64689 | Depths:1 | Found a gateway to Hell.
 65169 | Depths:1 | You fall into a shaft and drop 1 floor!
 65403 | Depths:2 | Identified the +8 falchion of Mijishr Uclo {spect, Drain
                  | rPois Dex+2}
 65425 | Depths:2 | Noticed a caustic shrike
 65425 | Depths:2 | Noticed a caustic shrike
 65425 | Depths:2 | Noticed a caustic shrike
 65438 | Depths:2 | Killed a caustic shrike
 65446 | Depths:2 | Killed a caustic shrike
 65447 | Depths:2 | Killed a caustic shrike
 65961 | Depths:2 | Found a glowing golden altar of the Shining One.
 66574 | Depths:2 | Found a one-way gate leading to the halls of Pandemonium.
 66598 | Depths:1 | Identified the +1 double sword "Poqaufum" {freeze, rF+
                  | Will+ Str+3}
 66785 | Depths:1 | Identified the +1 scale mail of Deeps {Slay+3}
 66885 | Depths:1 | Reached XP level 23. HP: 143/206 MP: 23/23
 67608 | Depths:3 | Noticed Saint Roka
 67787 | Depths:2 | Killed Saint Roka
 68348 | Depths:3 | Noticed a royal mummy
 68673 | Depths:2 | Killed a royal mummy
 69793 | Depths:3 | Found a one-way gate to the infinite horrors of the Abyss.
 69909 | Depths:4 | Entered Level 4 of the Depths
 70184 | Depths:4 | Paralysed by a floating eye for 3 turns
 70465 | Depths:4 | Paralysed by a floating eye for 4 turns
 70799 | Depths:4 | Found a one-way gateway to a ziggurat.
 70805 | Depths:4 | Found Abemon's Distillery.
 70813 | Depths:4 | Bought a potion of heal wounds for 105 gold pieces
 70813 | Depths:4 | Bought a potion of curing for 63 gold pieces
 70813 | Depths:4 | Bought a potion of resistance for 210 gold pieces
 72088 | Depths:4 | Found a white marble altar of Elyvilon.
 72231 | Depths:4 | Found a gate to the Realm of Zot.
 72483 | Depths:3 | Voluntarily entered the Abyss.
 72484 | Abyss:2  | Found a corrupted altar of Lugonu.
 72501 | Abyss:3  | Found a corrupted altar of Lugonu.
 72657 | Abyss:3  | Found a corrupted altar of Lugonu.
 72964 | Abyss:3  | Paralysed by accursed screaming for 1 turns
 72977 | Abyss:3  | Paralysed by accursed screaming for 1 turns
 72981 | Depths:3 | Escaped the Abyss
 72986 | Depths:3 | Gained mutation: Your body sometimes deteriorates upon
                  | taking damage. [a cacodemon]
 72989 | Depths:3 | Gained mutation: You are very frail. (-20% HP) [a
                  | cacodemon]
 73351 | Depths:3 | Lost mutation: You are very frail. (-20% HP) [potion of
                  | mutation]
 73351 | Depths:3 | Lost mutation: You are frail. (-10% HP) [potion of
                  | mutation]
 73351 | Depths:3 | Lost mutation: Your body sometimes deteriorates upon taking
                  | damage. [potion of mutation]
 73351 | Depths:3 | Gained mutation: Your muscles are strong. (Str +4, Int/Dex
                  | -1) [potion of mutation]
 73351 | Depths:3 | Gained mutation: Your magical capacity is low. (-10% MP)
                  | [potion of mutation]
 73351 | Depths:3 | Lost mutation: Your muscles are strong. (Str +4, Int/Dex
                  | -1) [potion of mutation]
 73351 | Depths:3 | Gained mutation: You are strong-willed. (Will+) [potion of
                  | mutation]
 73351 | Depths:3 | Gained mutation: Your muscles are strong. (Str +4, Int/Dex
                  | -1) [potion of mutation]
 73351 | Depths:3 | Gained mutation: You are vulnerable to cold. (rC-) [potion
                  | of mutation]
 73351 | Depths:3 | Gained mutation: Your muscles are very strong. (Str +8,
                  | Int/Dex -2) [potion of mutation]
 73354 | Depths:3 | Lost mutation: Your magical capacity is low. (-10% MP)
                  | [potion of mutation]
 73354 | Depths:3 | Lost mutation: You are strong-willed. (Will+) [potion of
                  | mutation]
 73354 | Depths:3 | Lost mutation: You are vulnerable to cold. (rC-) [potion of
                  | mutation]
 73354 | Depths:3 | Lost mutation: Your muscles are very strong. (Str +8,
                  | Int/Dex -2) [potion of mutation]
 73354 | Depths:3 | Gained mutation: You are partially covered in large bone
                  | plates. (SH +4) [potion of mutation]
 73354 | Depths:3 | Gained mutation: You are agile. (Dex +4, Str/Int -1)
                  | [potion of mutation]
 73354 | Depths:3 | Gained mutation: You are partially covered in iridescent
                  | scales. (AC +2) [potion of mutation]
 73354 | Depths:3 | Gained mutation: You are mostly covered in iridescent
                  | scales. (AC +4) [potion of mutation]
 73799 | Vaults:4 | Reached XP level 24. HP: 179/238 MP: 23/23
 74638 | Vaults:5 | Identified the ring "Teerphiuc" {rPois Dex+2 Slay+4}
 75227 | Vaults:5 | Noticed an ancient lich
 75244 | Vaults:5 | Killed an ancient lich
 75255 | Vaults:5 | Found the +8 arc blade {discharge, rElec}
 75619 | Vaults:5 | Reached skill level 5 in Dodging
 75638 | Vaults:5 | Identified the +12 spear "Demonbane" {flame, rC+}
 75680 | Vaults:5 | Identified the +8 trident "Jellybane" {vamp, rC+ Str+2
                  | Dex+7 Stlth+}
 76369 | Vaults:5 | Got a silver rune of Zot
 76931 | Zot:1    | Entered Level 1 of the Realm of Zot
 77345 | Depths:4 | Reached skill level 23 in Unarmed Combat
 77965 | Zot:2    | Identified the amulet "Plog" {Spirit rF- Will+ Regen+
                  | rCorr}
 77991 | Zot:2    | Reached XP level 25. HP: 214/247 MP: 23/23
 78287 | Zot:2    | Identified the +4 battleaxe "Hoenohor" {heavy, rElec}
 78753 | Zot:2    | Identified the +8 rapier "Terumn" {heavy, rCorr Dex+3}
 79396 | Zot:4    | Noticed a Killer Klown
 79414 | Zot:4    | Killed a Killer Klown
 80682 | Zot:5    | Entered Level 5 of the Realm of Zot
 81413 | Zot:5    | Lost mutation: Your muscles are strong. (Str +4, Int/Dex
                  | -1) [mutagenic glow]
 81428 | Zot:5    | Gained mutation: You occasionally lose the ability to read
                  | scrolls when taking damage. [mutagenic glow]
 81439 | Zot:5    | Lost mutation: You are agile. (Dex +4, Str/Int -1)
                  | [mutagenic glow]
 81700 | Zot:5    | Noticed a dread lich
 81735 | Zot:5    | Killed a dread lich
 81875 | Zot:5    | Identified the +7 lajatang "Orb Guardian's Peril" {freeze,
                  | rF+ Int+5}
 81895 | Zot:5    | Noticed an orb of fire
 81897 | Zot:5    | Noticed an orb of fire
 81913 | Zot:5    | Gained mutation: You are frail. (-10% HP) [an orb of fire]
 81916 | Zot:5    | Gained mutation: You sometimes lose the ability to read
                  | scrolls when taking damage. [an orb of fire]
 81918 | Zot:5    | Noticed a dread lich
 81920 | Zot:5    | Killed an orb of fire
 81927 | Zot:5    | Gained mutation: You occasionally shout uncontrollably at
                  | your foes. [an orb of fire]
 81934 | Zot:5    | Gained mutation: You sometimes lose your temper in combat.
                  | [an orb of fire]
 81935 | Zot:5    | Killed an orb of fire
 81963 | Zot:5    | Noticed an orb of fire
 81971 | Zot:5    | Reached skill level 24 in Unarmed Combat
 81980 | Zot:5    | Noticed a Killer Klown
 81991 | Zot:5    | Killed a dread lich
 81992 | Zot:5    | Reached XP level 26. HP: 158/231 MP: 23/23
 82021 | Zot:5    | Noticed an orb of fire
 82023 | Zot:5    | Killed an orb of fire
 82053 | Zot:5    | Noticed a dread lich
 82063 | Zot:5    | Killed a dread lich
 82071 | Zot:5    | Killed a dread lich
 82110 | Zot:5    | Got the Orb of Zot
 82205 | Zot:4    | Noticed Gaerod the pandemonium lord
 82814 | D:$      | Escaped with the Orb!

Illustrated notes

Levels and vault maps discovered:
D:1:      scummos_arrival_simple_fountains, layout_basic,
          ebering_dispersal_statue_hall, minmay_small_reverse_x
D:2:      layout_loops_ring, minmay_increasing_density, uniq_jessica
D:3:      layout_basic, ebering_ecumenical_altar_rust
D:4:      nicolae_cairo_tiling, layout_cave_pools, eino_tiny_chamber,
          st_stairs_12, uniq_natasha
D:5:      cheibrodos_quashed, layout_gridville, minmay_temple_entry_large_hall,
          uniq_blork_the_orc
D:6:      layout_basic, gammafunk_ghost_grave, minmay_misc_feat_encased,
          uniq_grinder, uniq_edmund
D:7:      layout_basic, uniq_duvessa, uniq_pikel, uniq_menkaure,
          uniq_crazy_yiuf_cottage
D:8:      layout_basic, nicolae_uskayaw_en_pointe, minivault_11, uniq_erica,
          uniq_maggie, uniq_amaemon, uniq_prince_ribbit1
D:9:      cheibrodos_grave_circle, layout_rooms, dpeg_lair_monsters, orc_0_dummy
D:10:     layout_roguey, ebering_ghost_funeral_grove
D:11:     layout_grid_maze
D:12:     layout_irregular_city, kennysheep_slug_shrine
D:13:     layout_small_grid, hangedman_vaults_entry_quadrant_bands,
          skrybe_limestone_x, uniq_jorgrun, uniq_urug
D:14:     layout_basic, infiniplex_staircase_zigzag_2, disabler_island,
          uniq_nessos
D:15:     grunt_enter_depths_giant_problem, layout_basic, hex_intersection
Temple:   nicolae_temple_bog_church
Lair:1:   minmay_lair_oklob_chamber, layout_regular_city, basic_altar
Lair:2:   layout_regular_city, nicolae_swamp_entry_splash_gauntlet, basic_altar,
          nicolae_lair_liquid_snakes, uniq_fannar, uniq_sonja
Lair:3:   layout_misc_corridors, minmay_snake_entry_six_corridors
Lair:4:   layout_misc_corridors, dpeg_slime_entry_enclosed,
          gauntlet_entry_generic, grunt_megastairs_3, infiniplex_staircase_pool
Lair:5:   evilmike_catoblepas_cave, layout_cellular_growth,
          nicolae_lair_grazing_beasts [nicolae_sub_lair_graze_edge,
          nicolae_sub_lair_graze_edge, nicolae_sub_lair_graze_edge,
          nicolae_sub_lair_graze_edge]
Swamp:1:  nicolae_swamp_secret_spriggan_hideout, layout_basic_swamp,
          nicolae_swamp_big_swirl, swamp_pool2
Swamp:2:  layout_basic_swamp, portal_ice_cave_entry_pillars_1,
          gammafunk_ghost_mausoleum, nicolae_swamp_decorative_isthmus,
          swamp_pool1, nicolae_swamp_tree_designs
Swamp:3:  layout_basic_swamp, nicolae_swamp_little_tower
Swamp:4:  swamp, layout_basic_swamp, swamp_pool5
Snake:1:  layout_rooms, nicolae_snake_storage_room, uniq_aizul
Snake:2:  layout_misc_corridors, basic_altar
Snake:3:  kennysheep_six_static_rooms, layout_layer_cave, hellmonk_scale_shop,
          lemuel_fruit_tree
Snake:4:  grunt_snake_rune_spirals, layout_onion, nicolae_shop_firing_range,
          uniq_nikola
Orc:1:    layout_caves
Orc:2:    grunt_orc_gardens, layout_caves, grunt_orc_garden, grunt_orc_garden,
          grunt_orc_garden, grunt_orc_garden, uniq_josephine
Elf:1:    nicolae_elf_arrival_no_cutting_in_line, layout_loops_corners,
          ebering_ghost_disaster_area, hangedman_elf_disciples,
          grunt_megastairs_1, uniq_roxanne, uniq_agnes
Elf:2:    nicolae_elf_blades_crystal_corner, layout_gridlike, serial_shops,
          statue_bzr, elves_outpost_lemuel
Elf:3:    minmay_elf_hall_curves, layout_loops_cross,
          nicolae_trove_entry_path_of_doom, serial_shops, freezing_bzr, shop,
          shop
Vaults:1: lightli_enter_wizlab_magi_temple, ontoclasm_vaults_tryst,
          grunt_vaults_funnel, vaults_room_grunt_arrival_ludios, v_misc_5,
          layout_vaults_quadrants, uniq_donald, uniq_asterion
Vaults:2: ontoclasm_vaults_spin, ontoclasm_vaults_decontamination,
          nicolae_vaults_big_ls, st_eye, nicolae_vaults_border_crossing,
          hangedman_vaults_nails, hangedman_vaults_river_flow, v_alt_pattern_1,
          v_alt_pattern_5, vaults_room_fancy_cross,
          nicolae_vaults_little_squares_4, grunt_vaults_hallway_short,
          layout_vaults_ring
Vaults:3: v_misc_9, v_pattern_5, vaults_room_pools, ontoclasm_vaults_twist,
          vaults_standard_mumra_x, v_alt_pattern_2, v_misc_12, v_misc_12,
          vaults_dpeg_emergency_exit, v_alt_pattern_4, v_misc_17,
          layout_vaults_omnibox, minmay_crypt_entry_simple_box, serial_shops,
          shop
Vaults:4: gammafunk_ghost_split, vaults_mumra_hexcomb, v_misc_4,
          ontoclasm_vaults_eye, nicolae_vaults_network_star,
          nicolae_vaults_big_angled_halls, grunt_vaults_diagonal,
          vaults_dpeg_spiral, nicolae_vaults_fighting_squares,
          ontoclasm_vaults_ligature, nicolae_vaults_three_branches,
          layout_vaults_big_room, serial_shops, nicolae_shop_stone,
          nicolae_shop_crystal
Vaults:5: serial_shops
Depths:1: layout_gridlike, grunt_hell_horde, eino_tiny_chamber,
          nicolae_rock_paper_scissors
Depths:2: dreamdust_cat_pyramid, layout_long_grid, rand_demon_pan_entry_7,
          pf_coc_iceberg, lemuel_round_altar, grunt_ministairs_6,
          nicolae_triple_integral, infiniplex_staircase_split_hallway
Depths:3: lemuel_minitomb, layout_gridville, hell_entry,
          marbit_kobold_abyss_entry, grunt_ministairs_12, nicolae_keep_em_comin,
          infiniplex_staircase_star, uniq_saint_roka
Depths:4: grunt_zot_entry_gee_three, layout_cave_pools, enter_ziggurat_e,
          grunt_pan_entry_in_and_out, grunt_hell_entry_dis_mu, serial_shops,
          shop, elyvilon_altar_3, uniq_margery
Zot:1:    hangedman_zot_vaults_quadrants, layout_concentric_octagons,
          uniq_josephina, uniq_grunn
Zot:2:    layout_basic
Zot:3:    layout_misc_corridors, st_stairs_11
Zot:4:    lemuel_acid_trip, layout_onion
Zot:5:    layout_gridlike, st_stairs_8

Skill      XL: |  1  2  3  4  5  6  7  8  9 10 11 12 13 14 15 16 17 18 19 20 21 22 23 24 25 26 |
---------------+-------------------------------------------------------------------------------+-----
Unarmed Combat | 2 3 4 5 7 8 9 11 12 13 14 15 17 18 19 20 21 22 23 24 | 24.4
Fighting       | 3 4 6 8 9 10 12 13 14 15 17 18 19 20 | 20.0
Armour         | 4 5 7 8 9 12 13 14 15 17 18 19 21 23 | 23.0
Evocations     | 1 2 3 4 6 7 8 9 10 12 13 14 16 17 18 20 | 20.0
Shields        | 4 5 9 13 15 16 17 18 19 20 21 22 | 22.3
Dodging        | 2 8 |  8.0

Action                     |  1- 3 |  4- 6 |  7- 9 | 10-12 | 13-15 | 16-18 | 19-21 | 22-24 | 25-27 || total
---------------------------+-------+-------+-------+-------+-------+-------+-------+-------+-------++-------
  Melee: Unarmed           |   114 |   152 |   302 |   743 |  1625 |  2105 |  2048 |  2334 |   789 || 10212
         Tailslap          |    13 |    18 |    47 |   101 |   306 |   390 |   455 |   562 |   206 ||  2098
 Invoke: Call Merchant     |       |       |       |     1 |     1 |       |     1 |       |       ||     3
         Bribe Branch      |       |       |       |       |       |       |       |     1 |     2 ||     3
         Potion Petition   |       |       |       |       |       |       |       |       |     3 ||     3
  Evoke: Wand              |       |     7 |    15 |    23 |       |     5 |       |     2 |     4 ||    56
         Phial of floods   |       |       |       |       |       |     1 |     1 |       |       ||     2
         Box of beasts     |       |       |       |       |       |       |       |     1 |     3 ||     4
         Phantom mirror    |       |       |       |       |       |       |       |     1 |     2 ||     3
    Use: Potion            |     1 |     1 |       |     3 |     1 |     7 |     5 |    10 |    31 ||    59
         Scroll            |       |     8 |     3 |     6 |    21 |     4 |    11 |     5 |     8 ||    66
   Stab: Distracted        |       |       |     2 |       |     2 |     7 |     7 |    21 |     3 ||    42
         Confused          |       |       |     1 |       |       |       |       |       |       ||     1
         Petrified         |       |       |       |       |     2 |       |       |       |       ||     2
 Armour: Scale mail        |    53 |    74 |    76 |       |       |       |       |       |       ||   203
         Plate armour      |       |       |    48 |   719 |   952 |  1225 |   894 |  1076 |   392 ||  5306
         Skin              |       |       |     2 |       |       |       |       |       |       ||     2
  Dodge: Dodged            |    36 |    30 |    50 |   123 |   192 |   144 |   150 |   208 |    86 ||  1019
  Block: Buckler           |    12 |    36 |   107 |   413 |   352 |       |       |       |       ||   920
         Reflection        |       |       |     3 |     8 |    42 |   187 |   106 |    42 |    26 ||   414
         Other             |       |       |     5 |       |       |       |       |       |       ||     5
         Kite shield       |       |       |       |       |   421 |    52 |       |       |       ||   473
         Tower shield      |       |       |       |       |       |  2165 |  1828 |  2164 |   836 ||  6993

Table legend: (Time is in decaauts)
 A = Elapsed time spent in this place.
 B = Non-inter-level travel time spent in this place.
 C = Inter-level travel time spent in this place.
 D = Time resting spent in this place.
 E = Time spent auto-exploring this place.
 F = Levels seen in this place.
 G = Mean time per level.
                   A        B        C        D        E       F      G
               +--------+--------+--------+--------+--------+-----+--------+
         Total |  77396 |  73165 |   4231 |  23381 |  28462 |  56 | 1382.1 |
       Dungeon |  18165 |  16857 |   1308 |   2688 |  10316 |  15 | 1211.0 |
        Temple |     50 |     39 |     11 |      0 |     29 |   1 |   50.0 |
          Lair |   8859 |   8432 |    427 |   3171 |   3593 |   5 | 1771.8 |
         Swamp |   5336 |   5111 |    225 |   1807 |   1660 |   4 | 1334.0 |
     Snake Pit |   7252 |   7078 |    174 |   2239 |   2320 |   4 | 1813.0 |
  Orcish Mines |   2316 |   2029 |    287 |    729 |    649 |   2 | 1158.0 |
   Elven Halls |   5850 |   5468 |    382 |   1779 |   1958 |   3 | 1950.0 |
        Vaults |  11320 |  10579 |    741 |   3352 |   4346 |   5 | 2264.0 |
        Depths |   9026 |   8431 |    595 |   3687 |   2385 |   4 | 2256.5 |
           Zot |   4434 |   4357 |     77 |   1705 |    896 |   5 |  886.8 |
         Abyss |    879 |    879 |      0 |    283 |      5 |   3 |  293.0 |
        Bazaar |    202 |    202 |      0 |      0 |    128 |   1 |  202.0 |
         Trove |     96 |     96 |      0 |      0 |      0 |   1 |   96.0 |
      Ice Cave |   1856 |   1856 |      0 |   1262 |     78 |   1 | 1856.0 |
        Wizlab |    973 |    973 |      0 |    430 |     89 |   1 |  973.0 |
      Gauntlet |    774 |    774 |      0 |    244 |      5 |   1 |  774.0 |
               +--------+--------+--------+--------+--------+-----+--------+

Top non-repeatable levels by time:
Vaults:4: 4676 daAuts
  Lair:2: 2958 daAuts
Depths:3: 2692 daAuts
   Elf:2: 2557 daAuts
Depths:2: 2453 daAuts
 Snake:3: 2420 daAuts
 Snake:4: 2253 daAuts
Vaults:2: 2190 daAuts
     D:8: 2156 daAuts
Depths:4: 2024 daAuts
  Lair:5: 1950 daAuts
   IceCv: 1856 daAuts
Depths:1: 1855 daAuts
   Elf:3: 1705 daAuts
    D:10: 1698 daAuts
